 Dungeon Crawl Stone Soup version 0.26-a0-490-gf8362a0c98 (webtiles) character file.

Game seed: 12270368017474695430

107 ANON1729 the Sneak (level 4, 0/39 HPs)
             Began as a Palentonga Delver on Aug 4, 2020.
             Killed from afar by an orc wizard (7 damage)
             ... with a magic dart
             ... on level 5 of the Dungeon.
             The game lasted 00:00:53 (544 turns).

ANON1729 the Sneak (Palentonga Delver)               Turns: 544, Time: 00:00:54

Health: 0/39       AC:  4    Str: 16    XL:     4   Next: 56%
Magic:  4/4        EV: 10    Int: 11    God:
Gold:   0          SH:  0    Dex: 11    Spells: 3/3 levels left

rFire    . . .     SeeInvis +   a - +0 falchion
rCold    . . .     Faith    .   (no shield)
rNeg     . . .     Spirit   .   b - +0 leather armour
rPois    .         Reflect  .   (no helmet)
rElec    .         Harm     .   (no cloak)
rCorr    .                      (no gloves)
MR       .....                  (boots restricted)
Stlth    ++........             (no amulet)
HPRegen  0.13/turn              (no ring)
MPRegen  0.09/turn              (no ring)

@: no status effects
A: large, rugged brown scales 3, see invisible, deformed body, roll, armoured
tail
a: Rolling Charge


You were on level 5 of the Dungeon.
You visited 1 branch of the dungeon, and saw 1 of its levels.

Inventory:

Hand Weapons
 a - a +0 falchion (weapon)
Armour
 b - a +0 leather armour (worn)
Jewellery
 h - an uncursed ring of protection from magic {unknown}
Wands
 g - a wand of digging (3)
Scrolls
 c - a scroll of fog
 d - a scroll of magic mapping
 e - a scroll of fear
Potions
 f - a potion of haste


   Skills:
 + Level 3.7 Fighting
 + Level 2.9 Long Blades
 + Level 2.3 Dodging
 + Level 3.7 Stealth


You had 3 spell levels left.
You didn't know any spells.
Your spell library was empty.

Dungeon Overview and Level Annotations

Branches:
Dungeon (5/15)
 Temple: D:4-7

Altars:


Innate Abilities, Weirdness & Mutations

You are completely covered in rugged brown scales. (AC +3, +7% HP)
You have supernaturally acute eyesight. (SInv)
Armour fits poorly on your strangely shaped body.
You can roll at foes to attack.
You have a long armoured tail.


Message History

The orc wizard barely misses you.
The orc wizard hits you with a +0 dagger.
Okay, then.
You barely miss the orc wizard.
Your tail-slap misses the orc wizard.
The orc wizard is moderately wounded.
The orc wizard hits you but does no damage. x2
You hit the orc wizard.
Your tail-slap misses the orc wizard.
The orc wizard is heavily wounded.
The orc wizard hits you with a +0 dagger.
* * * LOW HITPOINT WARNING * * *
You closely miss the orc wizard. You tail-slap the orc wizard.
The orc wizard is heavily wounded.
You hit the orc wizard.
Your tail-slap misses the orc wizard.
The orc wizard is severely wounded.
The orc wizard hits you with a +2 dagger of speed.
* * * LOW HITPOINT WARNING * * *
The orc wizard looks satisfied for a moment.
The orc wizard casts a spell at you. The magic dart hits you!
You die...

#.# ###..#
####.####....#######
#....##.............
#.###.#.g##.............
#........##.............
#####.##.##.............
####.##.##.............
######.##.##.####o#..#######
#......##.##..†@oo.#.####
#.####.##.#######.......#
#..........# ####..#.#
#........).# #..#.#
#..........# #>.#.#
#..........#########..#.#
##.####'##.........##..#.#
###
...####.##.#######<......##
#.. .....[..####
#.##.....#####.#


You could see 2 orc wizards and an orc.

Vanquished Creatures
  A centaur (D:5)
  A hound zombie (D:5)
  A gnoll (D:5)
  2 jackals (D:5)
5 creatures vanquished.

Notes
Turn   | Place    | Note
-------+----------+-------------------------------------------
     0 | D:5      | ANON1729 the Palentonga Delver began the quest for the Orb.
     0 | D:5      | Reached XP level 1. HP: 19/19 MP: 1/1
    13 | D:5      | Reached XP level 2. HP: 18/25 MP: 2/2
   227 | D:5      | Noticed a centaur
   245 | D:5      | Killed a centaur
   245 | D:5      | Reached XP level 3. HP: 5/32 MP: 3/3
   245 | D:5      | Reached XP level 4. HP: 6/39 MP: 4/4
   544 | D:5      | Killed from afar by an orc wizard

Illustrated notes

Levels and vault maps discovered:
D:5:      layout_basic, kennysheep_mini, uniq_prince_ribbit1

Skill      XL: |  1  2 |
---------------+-------+-----
Dodging        | 2 |  2.3
Fighting       | |  3.7
Long Blades    | |  2.9
Stealth        | |  3.7

Action                   |  1- 3 |  4- 6 || total
-------------------------+-------+-------++-------
Melee: Falchion          |    21 |    15 ||    36
       Tailslap          |     5 |     2 ||     7
 Stab: Sleeping          |     1 |       ||     1
Armor: Leather armour    |     9 |     4 ||    13
Dodge: Dodged            |    14 |     8 ||    22
       Rpst.: Falchion   |     4 |     2 ||     6

Table legend: (Time is in decaauts)
 A = Elapsed time spent in this place.
 B = Non-inter-level travel time spent in this place.
 C = Inter-level travel time spent in this place.
 D = Time resting spent in this place.
 E = Time spent auto-exploring this place.
 F = Levels seen in this place.
 G = Mean time per level.
                   A        B        C        D        E       F      G
               +--------+--------+--------+--------+--------+-----+--------+
         Total |    550 |    550 |      0 |    339 |    139 |   1 |  550.0 |
       Dungeon |    550 |    550 |      0 |    339 |    139 |   1 |  550.0 |
               +--------+--------+--------+--------+--------+-----+--------+

Top non-repeatable levels by time:
     D:5: 550 daAuts
